 Dungeon Crawl Stone Soup version 0.20.1-1-g8b1a95d (console) character file.

34 hilaritas the Sneak (level 3, 0/16 HPs)
             Began as a Spriggan Enchanter on Jan 24, 2018.
             Slain by a gnoll
             ... wielding a +0 spear
              (3 damage)
             ... on level 2 of the Dungeon.
             The game lasted 00:04:30 (1454 turns).

hilaritas the Sneak (Spriggan Enchanter)            Turns: 1454, Time: 00:04:31

Health: 0/16       AC:  3    Str:  5    XL:     3   Next: 14%
Magic:  7/8        EV: 18    Int: 16    God:
Gold:   48         SH:  0    Dex: 16    Spells: 1/7 levels left

rFire    . . .     SeeInvis +   a - +1 dagger
rCold    . . .     Gourm    .   (shield restricted)
rNeg     . . .     Faith    .   b - +1 robe
rPois    .         Spirit   .   (helmet restricted)
rElec    .         Reflect  .   (no cloak)
rCorr    .         Harm     .   (gloves unavailable)
MR       .....                  (boots unavailable)
Stlth    +++.......             (no amulet)
Regen    0.1/turn               (no ring)
MPRegen  0.2/turn               (no ring)

@: very quick
A: unfitting armour, see invisible, herbivore 3, speed 3, slow metabolism 2
a: no special abilities


You were on level 2 of the Dungeon.
You were not hungry.

You visited 1 branch of the dungeon, and saw 2 of its levels.

You collected 48 gold pieces.

Inventory:

Hand Weapons
 a - a +1 dagger (weapon)
Armour
 b - a +1 robe (worn)
Scrolls
 f - 2 scrolls of amnesia
 g - 2 scrolls of identify
Potions
 e - a potion of flight
 h - a potion of curing
Books
 c - a book of Maledictions

   Spells                             Type                      Level
   a - Corona                         Hexes                        1
   b - Ensorcelled Hibernation        Hexes/Ice                    2
   c - Confuse                        Hexes                        3
   d - Tukima's Dance                 Hexes                        3
   e - Dazzling Spray                 Conjuration/Hexes            3
Comestibles
 d - 2 bread rations


   Skills:
 * Level 2.5 Short Blades
 - Level 3.0 Dodging
 + Level 5.5 Stealth
 - Level 2.6 Spellcasting
 - Level 3.6 Hexes


You had one spell level left.
You knew the following spells:

 Your Spells              Type           Power        Failure   Level  Hunger
a - Corona                Hex            ##.....      4%          1    #......
b - Ensorcelled Hibernat  Hex/Ice        #.....       14%         2    ##.....
c - Tukima's Dance        Hex            ##......     13%         3    ###....


Dungeon Overview and Level Annotations

Branches:
Dungeon (2/15)

Altars:


Innate Abilities, Weirdness & Mutations

You are very small and have problems with some larger weapons.
You are too small for most types of armour.
You have supernaturally acute eyesight. (SInv)
You are a herbivore.
You cover ground extremely quickly.
You need consume almost no food.


Message History

a hunting sling; a bat corpse
Found a stone staircase leading down.
Unknown command. 2 gnolls come into view.
The gnoll shouts!
A bat comes into view.
You start waiting.
Unknown command.
Casting: Corona
Confirm with . or Enter, or press ? or * to list all spells.
Aiming: Corona
Press: ? - help, Shift-Dir - straight line, f - gnoll
Aim: a gnoll, wielding a spear (chance to defeat MR: 58%)
The gnoll is outlined in light.
The gnoll hits you from afar with a spear!
Ouch! That really hurt!
The gnoll hits you with a spear.
* * * LOW HITPOINT WARNING * * *
You barely miss the gnoll. The gnoll hits you with a spear.
You die...

#........# #.######.#
#...# #.#
#.###.####.#
#.#.#)##.#.#
#.#.#.##.#.#
#.#.....<..#
#.#.#.####.#
######.#........#
.......###.#########.
#.....@..>......
#.###g#########. #.
#.# .. ..# b#. ####
..#g .# #. .. .g


You could see a gnoll.

Vanquished Creatures
  3 leopard geckos (D:1)
  A giant cockroach (D:1)
  4 goblins (D:1)
  8 jackals (D:1)
  8 bats
  2 frilled lizards (D:1)
  4 rats (D:1)
30 creatures vanquished.

Notes
Turn   | Place    | Note
-------+----------+-------------------------------------------
     0 | D:1      | hilaritas the Spriggan Enchanter began the quest for the Orb.
     0 | D:1      | Reached XP level 1. HP: 9/9 MP: 5/5
   213 | D:1      | Reached skill level 5 in Stealth
   264 | D:1      | Reached XP level 2. HP: 13/13 MP: 6/6
   394 | D:1      | Learned a level 2 spell: Ensorcelled Hibernation
  1093 | D:1      | Reached XP level 3. HP: 16/16 MP: 8/8
  1098 | D:1      | Learned a level 3 spell: Tukima's Dance
  1454 | D:2      | Slain by a gnoll

Skill      XL: |  1  2 |
---------------+-------+-----
Stealth        | 5 |  5.5
Short Blades   | 2 |  2.5
Dodging        | |  3.0
Spellcasting   | |  2.6
Hexes          | |  3.6

Action                   || total
-------------------------++-------
Melee: Dagger            ||   124
 Cast: Corona            ||    11
  Use: Scroll            ||     8
 Stab: Sleeping          ||    10
       Distracted        ||     1
Armor: Robe              ||    19
Dodge: Dodged            ||   116
